 Dungeon Crawl Stone Soup version 0.20.0-8-g6b59dc7 (webtiles) character file.

19558 Chifra the Fighter (level 12, -7/95 HPs)
             Began as a Demonspawn Gladiator on June 2, 2017.
             Was a High Priest of Kikubaaqudgha.
             Killed from afar by a necromancer (9 damage)
             ... with a bolt of cold
             ... in an ice cave.
             The game lasted 01:15:46 (19684 turns).

Chifra the Fighter (Demonspawn Gladiator)          Turns: 19684, Time: 01:15:47

Health: -7/95      AC: 16    Str: 18    XL:     12   Next: 37%
Magic:  0/33       EV: 17    Int: 14    God:    Kikubaaqudgha [*****.]
Gold:   1114       SH:  6    Dex: 20    Spells: 6/27 levels left

rFire    + . .     SeeInvis .   b - +1 great mace (venom)
rCold    . . .     Gourm    .   (shield currently unavailable)
rNeg     . . .     Faith    .   t - +4 ring mail of Muttered Phrases {Str+4}
rPois    .         Spirit   +   v - +0 helmet
rElec    .         Reflect  .   p - +2 cloak
rCorr    .         Harm     .   g - +0 pair of gloves
MR       .....                  z - +0 pair of boots
Stlth    +.........             B - amulet of regeneration
Regen    0.7/turn               m - ring of magical power
MPRegen  0.3/turn               A - +4 ring of dexterity

@: about to teleport, very slightly contaminated, slowed, drained, very slow
A: claws 1, large bone plates 2, fire resistance 1, magic shield, flame cloud
immunity
a: Receive Corpses, Torment, Renounce Religion


You were in an ice cave.
You worshipped Kikubaaqudgha.
Kikubaaqudgha was extremely pleased with you.
You were not hungry.

You visited 3 branches of the dungeon, and saw 14 of its levels.
You also visited: Labyrinth, Bailey and Ice Cave.

You collected 1114 gold pieces.

Inventory:

Hand Weapons
 b - a +1 great mace of venom (weapon)
 e - a +2 flail of protection
 h - a +2 whip of venom
 R - a +2 flail of crushing
Missiles
 d - 3 throwing nets (quivered)
Armour
 g - a +0 pair of gloves (worn)
 p - a +2 cloak (worn)
 t - the +4 ring mail of Muttered Phrases (worn) {Str+4}
   (You found it on level 4 of the Dungeon)

   It affects your strength (+4).
 v - a +0 helmet (worn)
 z - a +0 pair of boots (worn)
 E - a +0 troll leather armour
 S - a +1 robe of resistance
Jewellery
 c - an uncursed ring of stealth
 m - a ring of magical power (left hand)
 A - a +4 ring of dexterity (right hand)
 B - an amulet of regeneration (around neck)
 I - an uncursed ring of resist corrosion
 M - an uncursed ring of protection from fire
 Q - an uncursed ring of protection from fire
Wands
 s - a wand of lightning (7/15)
 D - a wand of random effects (14/48)
 H - a wand of clouds (4/9)
 N - a wand of paralysis (11/24)
 P - a wand of confusion (24/48)
Scrolls
 n - a scroll of recharging
 r - a scroll of teleportation
 w - 4 scrolls of remove curse
 x - a scroll of immolation
 C - a scroll of fog
 G - a scroll of amnesia
Potions
 i - a potion of brilliance {unknown}
 j - a potion of agility {unknown}
 k - 2 potions of flight
 l - a potion of invisibility {unknown}
 u - 2 potions of curing {unknown}
 L - 3 potions of lignification
Books
 F - Kikubaaqudgha's Tome of Unholy Rituals
   (Kikubaaqudgha gifted it to you on level 6 of the Dungeon)

   Spells                             Type                      Level
   a - Pain                           Necromancy                   1
   b - Corpse Rot                     Necromancy                   2
   c - Sublimation of Blood           Necromancy                   2
   d - Vampiric Draining              Necromancy                   3
   e - Control Undead                 Necromancy                   4
 J - a book of Battle

   Spells                             Type                      Level
   a - Infusion                       Charms                       1
   b - Shroud of Golubria             Charms/Translocation         2
   c - Song of Slaying                Charms                       2
   d - Spectral Weapon                Hexes/Charms                 3
   e - Regeneration                   Charms/Necromancy            3
 K - Kikubaaqudgha's Disquisition on Black Arts
   (Kikubaaqudgha gifted it to you on level 9 of the Dungeon)

   Spells                             Type                      Level
   a - Excruciating Wounds            Charms/Necromancy            5
   b - Agony                          Necromancy                   5
   c - Cigotuvi's Embrace             Necromancy                   5
   d - Dispel Undead                  Necromancy                   5
   e - Simulacrum                     Ice/Necromancy               6
Comestibles
 f - 6 bread rations
 q - 9 fruits


   Skills:
 + Level 9.2(8.6) Fighting
 + Level 8.8(8.2) Maces & Flails
 - Level 1.7(1.3) Throwing
 + Level 5.2(4.7) Armour
 + Level 8.9(8.4) Dodging
 + Level 8.4(7.9) Spellcasting
 - Level 4.0(3.5) Charms
 + Level 7.4(6.9) Necromancy
 - Level 1.0(0.5) Translocations


You had 6 spell levels left.
You knew the following spells:

 Your Spells              Type           Power        Failure   Level  Hunger
a - Corpse Rot            Necr           N/A          1%          2    None
b - Sublimation of Blood  Necr           ###.......   1%          2    None
c - Shroud of Golubria    Chrm/Tloc      ##........   14%         2    None
d - Song of Slaying       Chrm           ###.....     8%          2    None
e - Regeneration          Chrm/Necr      ###.......   8%          3    ##.....
f - Dispel Undead         Necr           ###.....     34%         5    #####..
g - Agony                 Necr           ###.....     34%         5    #####..


Dungeon Overview and Level Annotations

Branches:
Dungeon (11/15)            Temple (1/1) D:4             Orc (2/2) D:10
    Elf (0/3) Orc:2
   Lair: D:8-11

Altars:
Ashenzari
Cheibriados
Dithmenos
Elyvilon
Fedhas
Gozag
Hepliaklqana
Kikubaaqudgha
Makhleb
Nemelex Xobeh
Okawaru
Qazlal
Ru
Sif Muna
Trog
Uskayaw
Vehumet
Xom
Yredelemnul
Zin
The Shining One

Shops:
Orc:2 %(

Annotations:
D:10 Mandevil's ghost, journeyman HOWr IceCv kaze's ghost, journeyman DsBe


Innate Abilities, Weirdness & Mutations

You have sharp fingernails.
You are mostly covered in large bone plates. (SH +6)
Your flesh is heat resistant. (rF+)
When hurt, damage is shared between your health and your magic reserves.
You are immune to clouds of flame.


Message History

The necromancer hits you but does no damage.
The centaur simulacrum hits you but does no damage.
Kaze's ghost hits you!!
* * * LOW HITPOINT WARNING * * *
The naga simulacrum hits you but does no damage.
You block the naga simulacrum's attack. The necromancer barely misses you.
You block the naga simulacrum's attack. The naga simulacrum closely misses you.
The centaur simulacrum completely misses you.
Kaze's ghost hits you.
* * * LOW HITPOINT WARNING * * *
A spriggan simulacrum comes into view.
Press: ? - help, v - describe, . - travel
Here: kaze's ghost, wielding a vampiric weapon The floor.
You barely miss the necromancer.
You block the centaur simulacrum's attack.
The necromancer gestures at you while chanting.
The bolt of cold hits you!
You die...
Kikubaaqudgha rasps: "You have failed me!
Welcome... death!"

### ##pZ##
#@ZZZ#
#.ZZW....#
##.Z....##
###'####
.[ ###


You could see a necromancer, kaze's ghost, 2 spriggan simulacra, 3 naga
simulacra, a centaur simulacrum and an ogre simulacrum.

Vanquished Creatures
  A minotaur (Lab)
  A two-headed ogre (D:9)
  An orc high priest (Orc:2)
  4 skeletal warriors (D:8)
  3 orc knights
  3 orc sorcerers (Orc:2)
  A gargoyle (D:10)
  2 rime drakes (D:11)
  2 freezing wraiths (IceCv)
  5 trolls
  Grinder (D:4)
  Sigmund (D:2)
  A vampire (D:9)
  2 redbacks (Lab)
  A shadow (Lab)
  A wyvern (D:10)
  2 vampire mosquitoes (D:10)
  A soldier ant (D:11)
  A water moccasin (D:8)
  4 wargs
  20 orc warriors
  A hornet zombie (D:8)
  3 sky beasts
  3 black bears
  7 ice beasts
  2 phantoms
  4 necrophages (D:8)
  4 ogres
  3 centaurs
  A crocodile (D:9)
  The ghost of Kosschaser the Stinger, an amateur GrVM (D:4)
  A big kobold (D:10)
  4 bullfrogs
  4 scorpions
  10 killer bees
  2 spriggan skeletons (Lab)
  An elephant simulacrum (IceCv)
  4 wights
  An electric eel (D:11)
  A howler monkey (D:5)
  9 crimson imps
  A bullfrog zombie (D:5)
  16 orc priests
  5 hounds
  4 bullfrog skeletons
  4 centaur skeletons
  A jelly (D:10)
  An iron imp (D:5)
  3 iguanas
  29 orc wizards
  2 polar bear simulacra (IceCv)
  5 worker ants
  A wolf simulacrum (IceCv)
  4 hound zombies
  2 hound skeletons
  2 mummies (D:8)
  A howler monkey zombie (D:9)
  A howler monkey skeleton (D:6)
  10 gnolls
  17 adders
  A shadow imp (D:7)
  5 white imps (IceCv)
  4 worms
  A dart slug (D:4)
  4 leopard geckos
  65 orcs
  11 giant cockroaches
  12 goblins
  12 hobgoblins
  10 jackals (D:1)
  5 quokkas
  8 ball pythons
  6 bats
  3 frilled lizards
  9 kobolds
  A quokka skeleton (D:6)
  A quokka zombie (D:8)
  5 rats
396 creatures vanquished.

Notes
Turn   | Place    | Note
-------+----------+-------------------------------------------
     0 | D:1      | Chifra the Demonspawn Gladiator began the quest for the Orb.
     0 | D:1      | Reached XP level 1. HP: 16/16 MP: 1/1
   452 | D:1      | Gained mutation: When hurt, damage is shared between your health and your magic reserves. [demonic ancestry]
   452 | D:1      | Reached XP level 2. HP: 19/22 MP: 2/2
  1021 | D:1      | Gained mutation: Your flesh is heat resistant. (rF+) [demonic ancestry]
  1021 | D:1      | Reached XP level 3. HP: 25/28 MP: 3/3
  1292 | D:2      | Found a shimmering altar of Xom.
  1410 | D:2      | Found a shattered altar of Ashenzari.
  1491 | D:2      | Reached skill level 1 in Spellcasting
  1729 | D:2      | Gained mutation: You have sharp fingernails. [demonic ancestry]
  1729 | D:2      | Reached XP level 4. HP: 21/34 MP: 2/5
  1991 | D:2      | Reached skill level 3 in Fighting
  2301 | D:2      | Noticed Sigmund
  2322 | D:2      | Killed Sigmund
  2322 | D:2      | Reached XP level 5. HP: 17/41 MP: 3/8
  2322 | D:2      | Gained mutation: You are partially covered in large bone plates. (SH +4) [demonic ancestry]
  2322 | D:2      | Reached XP level 6. HP: 20/47 MP: 3/9
  3272 | D:3      | Found a blossoming altar of Fedhas.
  3934 | D:4      | Found an iron altar of Okawaru.
  4002 | D:4      | Got a transparent ring mail
  4012 | D:4      | Identified the +4 ring mail of Muttered Phrases {Str+4} (You found it on level 4 of the Dungeon)
  4119 | D:4      | Noticed Kosschaser's ghost (amateur GrVM)
  4186 | D:4      | Noticed Grinder
  4260 | D:4      | Paralysed by Grinder for 7 turns
  4405 | D:4      | Killed Grinder
  4405 | D:4      | Reached skill level 4 in Fighting
  4405 | D:4      | Reached XP level 7. HP: 46/54 MP: 11/11
  4438 | D:4      | Killed Kosschaser's ghost
  4553 | D:4      | Found a staircase to the Ecumenical Temple.
  4559 | Temple   | Entered the Ecumenical Temple
  4585 | Temple   | Became a worshipper of Kikubaaqudgha
  4866 | D:5      | Entered Level 5 of the Dungeon
  5094 | D:5      | Found a snail-covered altar of Cheibriados.
  5187 | D:5      | Reached skill level 5 in Maces & Flails
  5208 | D:5      | Found a white marble altar of Elyvilon.
  5454 | D:5      | Found an opulent altar of Gozag.
  5770 | D:4      | Reached skill level 5 in Fighting
  5770 | D:4      | Gained mutation: You are immune to clouds of flame. [demonic ancestry]
  5770 | D:4      | Reached XP level 8. HP: 33/62 MP: 10/13
  6000 | D:6      | Reached skill level 5 in Dodging
  6314 | D:6      | Reached * piety under Kikubaaqudgha
  6314 | D:6      | Identified Kikubaaqudgha's Tome of Unholy Rituals (Kikubaaqudgha gifted it to you on level 6 of the Dungeon)
  6314 | D:6      | Received a gift from Kikubaaqudgha
  6324 | D:6      | Learned a level 2 spell: Corpse Rot
  6327 | D:6      | Learned a level 2 spell: Sublimation of Blood
  6767 | D:6      | Found a shadowy altar of Dithmenos.
  6768 | D:6      | Found a basalt altar of Yredelemnul.
  6941 | D:6      | Found a deep blue altar of Sif Muna.
  7356 | D:7      | Reached skill level 6 in Fighting
  7491 | D:7      | Reached XP level 9. HP: 69/69 MP: 16/16
  7552 | D:7      | Reached skill level 5 in Spellcasting
  7568 | D:7      | Reached ** piety under Kikubaaqudgha
  8274 | D:6      | Reached skill level 1 in Necromancy
  8834 | D:8      | Learned a level 2 spell: Shroud of Golubria
  8837 | D:8      | Learned a level 2 spell: Song of Slaying
  8841 | D:8      | Learned a level 3 spell: Regeneration
  8988 | D:8      | Found a radiant altar of Vehumet.
  9070 | D:8      | Reached skill level 1 in Charms
  9108 | D:9      | Reached skill level 7 in Fighting
  9125 | D:9      | Noticed a skeletal warrior
  9125 | D:9      | Noticed a skeletal warrior
  9125 | D:9      | Noticed a skeletal warrior
  9153 | D:9      | Reached *** piety under Kikubaaqudgha
  9153 | D:9      | Identified Kikubaaqudgha's Disquisition on Black Arts (Kikubaaqudgha gifted it to you on level 9 of the Dungeon)
  9153 | D:9      | Received a gift from Kikubaaqudgha
  9161 | D:9      | Learned a level 5 spell: Dispel Undead
  9189 | D:9      | Found a flagged portal.
  9211 | Bailey   | Entered a bailey
  9305 | Bailey   | Found an iron altar of Okawaru.
  9305 | Bailey   | Noticed a kobold demonologist
  9305 | Bailey   | Noticed an orc sorcerer
  9308 | Bailey   | Noticed an ice devil
  9318 | Bailey   | Noticed a rust devil
  9324 | Bailey   | Noticed a sixfirhy
  9338 | Bailey   | Noticed a sixfirhy
  9367 | D:8      | Noticed a two-headed ogre
  9509 | D:8      | Gained mutation: You are mostly covered in large bone plates. (SH +6) [demonic ancestry]
  9509 | D:8      | Reached XP level 10. HP: 79/79 MP: 18/18
 10214 | D:8      | Killed a skeletal warrior
 10214 | D:8      | Reached skill level 1 in Armour
 10509 | D:8      | Killed a skeletal warrior
 10574 | D:8      | Killed a skeletal warrior
 10652 | D:9      | Noticed a skeletal warrior
 10894 | D:8      | Killed a skeletal warrior
 10894 | D:8      | Reached skill level 5 in Necromancy
 10894 | D:8      | Reached skill level 1 in Translocations
 11028 | D:9      | Killed a two-headed ogre
 11306 | D:9      | Reached XP level 11. HP: 86/86 MP: 21/21
 11421 | D:9      | Reached **** piety under Kikubaaqudgha
 11670 | D:10     | Entered Level 10 of the Dungeon
 11724 | D:10     | Reached skill level 8 in Fighting
 11920 | D:10     | Found a glowing golden altar of the Shining One.
 12153 | D:10     | Noticed Mandevil's ghost (journeyman HOWr)
 12315 | D:10     | Found a staircase to the Orcish Mines.
 12672 | Orc:1    | Entered Level 1 of the Orcish Mines
 12846 | Orc:2    | Entered Level 2 of the Orcish Mines
 12848 | Orc:2    | Found a labyrinth entrance.
 12850 | Orc:2    | Noticed an orc knight
 12895 | Orc:1    | Killed an orc knight
 12983 | Lab      | Entered a labyrinth
 16207 | Lab      | Noticed a minotaur
 16225 | Lab      | Killed a minotaur
 16229 | Lab      | Identified Ruoff's Volume of Spatial Weightlessness
 16318 | Orc:1    | Learned a level 5 spell: Agony
 16402 | Orc:2    | Noticed an orc sorcerer
 16405 | Orc:2    | Noticed a soul eater
 16417 | Orc:2    | Killed an orc sorcerer
 16686 | Orc:2    | Noticed an orc high priest
 16694 | Orc:2    | Noticed an orc knight
 17298 | D:10     | Killed an orc knight
 17298 | D:10     | Reached ***** piety under Kikubaaqudgha
 17820 | Orc:2    | Killed an orc high priest
 17880 | Orc:2    | Found Tase's Food Emporium.
 17899 | Orc:2    | Found Kaevaw's Antique Weapon Shoppe.
 17937 | Orc:2    | Noticed an orc knight
 18160 | Orc:1    | Killed an orc knight
 18160 | Orc:1    | Reached XP level 12. HP: 82/94 MP: 23/23
 18557 | Orc:1    | Noticed an orc warlord
 18976 | D:11     | Reached skill level 9 in Fighting
 19115 | D:11     | Reached skill level 5 in Armour
 19191 | D:11     | Found a frozen archway.
 19228 | IceCv    | Entered an ice cave
 19682 | IceCv    | Noticed kaze's ghost (journeyman DsBe)
 19683 | IceCv    | HP: 3/95 [kaze's ghost (14)]
 19683 | IceCv    | HP: 1/95 [kaze's ghost (2)]
 19684 | IceCv    | Killed from afar by a necromancer

Skill      XL: |  1  2  3  4  5  6  7  8  9 10 11 12 |
---------------+-------------------------------------+-----
Dodging        | 3 4 6 7 8 |  8.9
Maces & Flails | 3 4 5 6 7 8 |  8.8
Spellcasting   | 1 2 3 4 5 6 7 8 |  8.4
Fighting       | 3 4 5 6 7 8 9 |  9.2
Necromancy     | 3 5 6 7 |  7.4
Charms         | 1 3 4 |  4.0
Armour         | 2 4 5 |  5.2
Translocations | 1 |  1.0
Throwing       | |  1.7

Action                   |  1- 3 |  4- 6 |  7- 9 | 10-12 || total
-------------------------+-------+-------+-------+-------++-------
Melee: Flail             |   144 |   183 |   663 |   753 ||  1743
       Great mace        |       |       |       |   268 ||   268
       Whip              |       |       |       |    19 ||    19
 Cast: Shroud of Golubri |       |       |       |    11 ||    11
       Song of Slaying   |       |       |       |     2 ||     2
       Regeneration      |       |       |       |     6 ||     6
       Dispel Undead     |       |       |       |     8 ||     8
Evoke: Wand              |       |       |     1 |     2 ||     3
  Use: Scroll            |     1 |     3 |    10 |     8 ||    22
       Potion            |       |     1 |     1 |     2 ||     4
 Stab: Sleeping          |       |     1 |       |       ||     1
       Paralysed         |       |       |       |     9 ||     9
       Distracted        |       |       |       |     1 ||     1
  Eat: Chunk             |     2 |     9 |    18 |     7 ||    36
       Royal jelly       |       |       |       |     2 ||     2
       Meat ration       |       |       |       |     6 ||     6
Armor: Leather armour    |    67 |    12 |       |       ||    79
       Robe              |       |    32 |       |    45 ||    77
       Ring mail         |       |    26 |   285 |   373 ||   684
Dodge: Dodged            |   157 |   156 |   480 |   812 ||  1605
Block: Other             |       |    28 |   136 |   368 ||   532
